 Dungeon Crawl Stone Soup version 0.28-a0-1032-ga8db75c868 (webtiles) character file.

Game seed: 619091821132364527

91 GregHouse the Chopper (level 4, 0/40 HPs)
             Began as a Hill Orc Monk on Dec 7, 2021.
             Slain by Ijyb (3 damage)
             ... on level 3 of the Dungeon.
             The game lasted 00:07:26 (2716 turns).

GregHouse the Chopper (Hill Orc Monk)               Turns: 2716, Time: 00:07:26

Health: 0/40       AC:  3    Str: 15    XL:     4   Next: 59%
Magic:  0/4        EV: 12    Int: 10    God:
Gold:   66         SH:  0    Dex: 13    Spells: 3/3 levels left

rFire   . . .      SeeInvis .   a - +0 hand axe
rCold   . . .      Faith    .   (no shield)
rNeg    . . .      Spirit   +   l - +0 leather armour
rPois   .          Reflect  .   (no helmet)
rElec   .          Harm     .   (no cloak)
rCorr   .          Rampage  .   (no gloves)
Will    .....                   (no boots)
Stlth   ++........              c - amulet of guardian spirit
HPRegen 0.13/turn               k - ring of willpower
MPRegen 0.09/turn               (no ring)

@: weak-willed
A: no striking features
a: no special abilities


You were on level 3 of the Dungeon.
You visited 1 branch of the dungeon, and saw 3 of its levels.

You collected 66 gold pieces.

Inventory:

Hand Weapons
 a - a +0 hand axe (weapon)
Armour
 b - a +0 robe
 l - a +0 leather armour (worn)
Jewellery
 c - an amulet of guardian spirit (around neck)
 k - a ring of willpower (left hand)
Potions
 d - a potion of flight {unknown}
 e - 2 potions of haste {unknown}
 f - a potion of degeneration {unknown}
 j - a potion of attraction {unknown}


   Skills:
 + Level 4.2 Fighting
 + Level 5.8 Axes
 + Level 0.1 Armour
 + Level 2.8 Dodging
 + Level 1.8 Stealth


You had 3 spell levels left.
You didn't know any spells.
Your spell library contained the following spells:

 Spells                   Type           Power      Damage    Failure   Level
 Sting                    Tmut/Pois      0%         1d3       43%         1
 Poisonous Vapours        Pois/Air       0%         N/A       56%         2
 Olgreb's Toxic Radiance  Pois           0%         N/A       99%         4


Dungeon Overview and Level Annotations

Branches:
Dungeon (3/15)

Altars:

Shops:
D:1 =

Annotations:
D:3 Ijyb, Natasha


Message History

As you read the scroll of summoning, it crumbles to dust.
Wisps of shadow whirl around you... Ijyb completely misses you.
Ijyb hits your hobgoblin with a +0 dagger.
Your orc hits Ijyb but does no damage.
Your hobgoblin barely misses Ijyb.
Ijyb hits your orc with a +0 dagger.
Your hobgoblin hits Ijyb.
Your orc closely misses Ijyb.
Your kobold hits Ijyb with a +0 club. Ijyb hits your orc with a +0 dagger.
Your orc dies!
Your orc's corpse dissolves into shadows!
Your hobgoblin barely misses Ijyb.
Ijyb shouts!
Your kobold completely misses Ijyb.
Ijyb barely misses your hobgoblin.
Your hobgoblin hits Ijyb but does no damage.
Your kobold closely misses Ijyb.
Ijyb zaps a wand.
Your hobgoblin resists with significant effort.
Your hobgoblin hits Ijyb but does no damage.
Your kobold hits Ijyb but does no damage.
Ijyb misses your kobold.
Your hobgoblin closely misses Ijyb.
Your kobold closely misses Ijyb.
Ijyb hits your kobold with a +0 dagger.
Your hobgoblin barely misses Ijyb.
Your kobold hits Ijyb but does no damage.
Ijyb hits your kobold with a +0 dagger.
Your kobold dies!
Your kobold's corpse dissolves into shadows!
Your hobgoblin hits Ijyb but does no damage.
Ijyb completely misses your hobgoblin.
Your hobgoblin hits Ijyb.
Ijyb hits your hobgoblin with a +0 dagger.
Your hobgoblin dies!
Your hobgoblin's corpse dissolves into shadows!
You hit Ijyb.
Ijyb is almost dead.
Ijyb misses you.
You hit Ijyb.
Ijyb is almost dead.
Ijyb hits you with a +0 dagger.
* * * LOW HITPOINT WARNING * * *
You hit Ijyb.
Ijyb is almost dead.
Ijyb hits you with a +0 dagger.
You die...

#.#.# #.# #.#.#
#.# #..# ... #.#.#
#.# ##.### #.#
#...#####.# #
#....†..#.####.###
#...###.#..†......
##### #..@g.......
########.... ##


You could see Ijyb (weak-willed).

Vanquished Creatures
  Natasha (D:3)
  2 adders (D:2)
  A worm (D:3)
  A dart slug (D:1)
  A ball python (D:1)
  6 endoplasms
  2 giant cockroaches
  2 goblins
  3 hobgoblins
  5 jackals (D:2)
  2 quokkas (D:3)
  4 bats (D:1)
  2 frilled lizards
  6 kobolds
  3 rats
41 creatures vanquished.

Notes
Turn   | Place    | Note
-------+----------+-------------------------------------------
     0 | D:1      | GregHouse the Hill Orc Monk began the quest for the Orb.
     0 | D:1      | Reached XP level 1. HP: 19/19 MP: 1/1
   155 | D:1      | Reached XP level 2. HP: 19/27 MP: 0/2
   307 | D:1      | Found Hino's Jewellery Shop.
   785 | D:1      | Found a faded altar of an unknown god.
   836 | D:2      | Reached XP level 3. HP: 29/33 MP: 1/3
  1098 | D:1      | Reached skill level 5 in Axes
  2084 | D:2      | Reached XP level 4. HP: 38/40 MP: 4/4
  2124 | D:3      | Noticed Natasha
  2136 | D:3      | Killed Natasha
  2276 | D:3      | Noticed Natasha
  2676 | D:3      | Noticed Ijyb
  2716 | D:3      | Slain by Ijyb

Illustrated notes

Levels and vault maps discovered:
D:1:      lightli_arrival_quake, layout_loops_ring,
          hellmonk_ecumenical_altar_zigzags, serial_shops, shop,
          skrybe_limestone_x
D:2:      layout_basic
D:3:      kennysheep_six_static_rooms, layout_loops_ring, zin_statuary,
          uniq_terence, uniq_ijyb, uniq_natasha

Skill      XL: |  1  2  3 |
---------------+----------+-----
Axes           | 5 |  5.8
Fighting       | 4 |  4.2
Armour         | |  0.1
Dodging        | |  2.8
Stealth        | |  1.8

Action                   |  1- 3 |  4- 6 || total
-------------------------+-------+-------++-------
Melee: Hand axe          |   100 |    59 ||   159
  Use: Scroll            |       |     4 ||     4
 Stab: Sleeping          |     4 |       ||     4
Armor: Robe              |    20 |       ||    20
       Leather armour    |       |     6 ||     6
Dodge: Dodged            |    60 |    29 ||    89

Table legend: (Time is in decaauts)
 A = Elapsed time spent in this place.
 B = Non-inter-level travel time spent in this place.
 C = Inter-level travel time spent in this place.
 D = Time resting spent in this place.
 E = Time spent auto-exploring this place.
 F = Levels seen in this place.
 G = Mean time per level.
                   A        B        C        D        E       F      G
               +--------+--------+--------+--------+--------+-----+--------+
         Total |   2726 |   2675 |     51 |   1196 |    853 |   3 |  908.7 |
       Dungeon |   2726 |   2675 |     51 |   1196 |    853 |   3 |  908.7 |
               +--------+--------+--------+--------+--------+-----+--------+

Top non-repeatable levels by time:
     D:1: 1378 daAuts
     D:2: 729 daAuts
     D:3: 618 daAuts
